| TOP OF THE 1ST |
|
University of Southern California Trojans batting - Pitching for University of Minnesota Golden Gophers : RHP Danny Colon
|
|
Pitching: RHP Danny Colon
|
|
|
Batting: LHB Alonzo Catalan
|
0-0: Swinging Strike 0-1: Swinging Strike 0-2: Foul Ball, location: 2F 0-2: Ball 1-2: Strikes out looking
|
|
Batting: LHB John Rumbolt
|
0-0: Called Strike 0-1: Foul Ball, location: 2F 0-2: Ball 1-2: Ball 2-2: Foul Ball, location: 2F 2-2: Ball 3-2: Foul Ball, location: 2F 3-2: Ground out 4-3 (Groundball, 4S, EV 83.8 MPH)
|
|
Batting: LHB Ryan Springer
|
0-0: Called Strike 0-1: Foul Ball, location: 2F 0-2: Ball 1-2: Foul Ball, location: 2F 1-2: Ball 2-2: Strikes out looking
|
| Top of the 1st over - 0 runs, 0 hits, 0 errors, 0 left on base; University of Southern California 0 - University of Minnesota 0 |
| BOTTOM OF THE 1ST |
|
University of Minnesota Golden Gophers batting - Pitching for University of Southern California Trojans : RHP Nick Hayes
|
|
Pitching: RHP Nick Hayes
|
|
|
Batting: SHB Chris Rodgers
|
0-0: SINGLE (Groundball, 34D, EV 108.8 MPH)
|
|
Batting: RHB Ritter Naehr
|
0-0: Ball Chris Rodgers is caught stealing 2nd base 2-4 1-0: DOUBLE (Line Drive, 78XD, EV 110.6 MPH)
|
|
Batting: LHB Bobby Agterberg
|
0-0: Ball 1-0: Called Strike 1-1: Foul Ball, location: 2F 1-2: Ball 2-2: Ball 3-2: Strikes out swinging
|
|
Batting: RHB Jason Mooris
|
0-0: Called Strike 0-1: Swinging Strike 0-2: Strikes out swinging
|
| Bottom of the 1st over - 0 runs, 2 hits, 0 errors, 1 left on base; University of Southern California 0 - University of Minnesota 0 |
| TOP OF THE 2ND |
|
University of Southern California Trojans batting - Pitching for University of Minnesota Golden Gophers : RHP Danny Colon
|
|
Batting: RHB Eric Baker
|
0-0: Called Strike 0-1: Ball 1-1: Foul Ball, location: 2F 1-2: Ball 2-2: Ball 3-2: Ground out 6-3 (Groundball, 56, EV 84.4 MPH)
|
|
Batting: LHB Justin Veirs
|
0-0: SINGLE (Groundball, 6S, EV 65.6 MPH) (infield hit)
|
|
Batting: RHB Jim Baltazar
|
0-0: Ball 1-0: Foul Ball, location: 2F 1-1: Swinging Strike 1-2: Strikes out swinging
|
|
Batting: RHB Jochen Schanz
|
0-0: Ball Justin Veirs steals 2nd, throwing error, E2 Justin Veirs to third 1-0: Ball 2-0: Ball 3-0: Called Strike 3-1: Ground out 6-3 (Groundball, 6, EV 88.1 MPH)
|
| Top of the 2nd over - 0 runs, 1 hit, 1 error, 1 left on base; University of Southern California 0 - University of Minnesota 0 |
| BOTTOM OF THE 2ND |
|
University of Minnesota Golden Gophers batting - Pitching for University of Southern California Trojans : RHP Nick Hayes
|
|
Batting: LHB Phil Bonner
|
0-0: Foul Ball, location: 2F 0-1: Ball 1-1: Called Strike 1-2: Ball 2-2: Fly out, F2 (Popup, 2LF, EV 88.8 MPH)
|
|
Batting: RHB Chance Koehn
|
0-0: Ball 1-0: Ball 2-0: Ball 3-0: Base on Balls
|
|
Batting: RHB Josh Gifford
|
0-0: Called Strike 0-1: Called Strike 0-2: Ball 1-2: Strikes out looking
|
|
Batting: RHB Jian-zhang Zhào
|
0-0: Ball 1-0: Called Strike 1-1: Ball 2-1: Foul Ball, location: 2F 2-2: Ball 3-2: Foul Ball, location: 2F 3-2: Foul Ball, location: 2F 3-2: SINGLE (Groundball, 6MD, EV 105.0 MPH) Chance Koehn to second Chance Koehn to third
|
|
Batting: RHB Toshio Saiki
|
0-0: Foul Ball, location: 2F 0-1: SINGLE (Groundball, P, EV 83.1 MPH) (infield hit) Chance Koehn scores Jian-zhang Zhào to second
|
|
Batting: SHB Chris Rodgers
|
0-0: Called Strike 0-1: Ball 1-1: DOUBLE (Line Drive, 78M, EV 106.2 MPH) Jian-zhang Zhào scores Toshio Saiki to third
|
|
Batting: RHB Ritter Naehr
|
0-0: Foul Ball, location: 2F 0-1: Ball 1-1: Called Strike 1-2: Ball 2-2: Ball 3-2: Base on Balls
|
|
Batting: LHB Bobby Agterberg
|
0-0: Ball 1-0: Ground out 5-3 (Groundball, 56S, EV 83.8 MPH)
|
| Bottom of the 2nd over - 2 runs, 3 hits, 0 errors, 3 left on base; University of Southern California 0 - University of Minnesota 2 |
| TOP OF THE 3RD |
|
University of Southern California Trojans batting - Pitching for University of Minnesota Golden Gophers : RHP Danny Colon
|
|
Batting: RHB Eizo Sakamoto
|
0-0: Ball 1-0: Foul Ball, location: 2F 1-1: Foul Ball, location: 2F 1-2: Foul Ball, location: 2F 1-2: Ball 2-2: Foul Ball, location: 2F 2-2: Strikes out swinging
|
|
Batting: RHB Chris Thomas
|
0-0: Swinging Strike 0-1: Ball 1-1: SINGLE (Line Drive, 9S, EV 100.0 MPH)
|
|
Batting: LHB Alonzo Catalan
|
0-0: Ground out 4-3 (Groundball, 34, EV 101.9 MPH) Chris Thomas to second
|
|
Batting: LHB John Rumbolt
|
0-0: Foul Ball, location: 2F 0-1: SINGLE (Groundball, 34, EV 106.2 MPH) Chris Thomas to third Runner from 3rd tries for Home, SAFE, throw by RF to home John Rumbolt to second
|
|
Batting: LHB Ryan Springer
|
0-0: SINGLE (Line Drive, 8RS, EV 111.2 MPH) John Rumbolt to third
|
|
Batting: RHB Eric Baker
|
0-0: Ball 1-0: Ball 2-0: Called Strike 2-1: Foul Ball, location: 2F 2-2: Foul Ball, location: 2F 2-2: Fly out, F7 (Flyball, 7, EV 84.4 MPH)
|
| Top of the 3rd over - 1 run, 3 hits, 0 errors, 2 left on base; University of Southern California 1 - University of Minnesota 2 |
| BOTTOM OF THE 3RD |
|
University of Minnesota Golden Gophers batting - Pitching for University of Southern California Trojans : RHP Nick Hayes
|
|
Batting: RHB Jason Mooris
|
0-0: Called Strike 0-1: Swinging Strike 0-2: Fly out, F9 (Flyball, 9, EV 88.1 MPH)
|
|
Batting: LHB Phil Bonner
|
0-0: Swinging Strike 0-1: Ball 1-1: Swinging Strike 1-2: Ball 2-2: Strikes out looking
|
|
Batting: RHB Chance Koehn
|
0-0: Swinging Strike 0-1: Foul Ball, location: 2F 0-2: Foul Ball, location: 2F 0-2: Ball 1-2: Strikes out swinging
|
| Bottom of the 3rd over - 0 runs, 0 hits, 0 errors, 0 left on base; University of Southern California 1 - University of Minnesota 2 |
| TOP OF THE 4TH |
|
University of Southern California Trojans batting - Pitching for University of Minnesota Golden Gophers : RHP Danny Colon
|
|
Batting: LHB Justin Veirs
|
0-0: Called Strike 0-1: Ball 1-1: Swinging Strike 1-2: Fly out, F8 (Line Drive, 78M, EV 109.4 MPH)
|
|
Batting: RHB Jim Baltazar
|
0-0: Called Strike 0-1: Ball 1-1: Foul Ball, location: 2F 1-2: Strikes out swinging
|
|
Batting: RHB Jochen Schanz
|
0-0: Called Strike 0-1: Ball 1-1: Ball 2-1: Foul Ball, location: 2F 2-2: Ball 3-2: Strikes out looking
|
| Top of the 4th over - 0 runs, 0 hits, 0 errors, 0 left on base; University of Southern California 1 - University of Minnesota 2 |
| BOTTOM OF THE 4TH |
|
University of Minnesota Golden Gophers batting - Pitching for University of Southern California Trojans : RHP Nick Hayes
|
|
Batting: RHB Josh Gifford
|
0-0: Ball 1-0: Called Strike 1-1: Ball 2-1: Foul Ball, location: 2F 2-2: Fly out, F9 (Flyball, 9D, EV 100.6 MPH)
|
|
Batting: RHB Jian-zhang Zhào
|
0-0: Called Strike 0-1: Foul Ball, location: 2F 0-2: Ball 1-2: Ball 2-2: Ball 3-2: Base on Balls
|
|
Batting: RHB Toshio Saiki
|
0-0: Ball 1-0: Called Strike 1-1: Ball 2-1: Called Strike 2-2: Foul Ball, location: 2F 2-2: Reached on error, E4 (Groundball, 13, EV 82.5 MPH) Jian-zhang Zhào to second
|
|
Pitching: RHP Luis Cortez
|
|
|
Batting: SHB Chris Rodgers
|
0-0: Ball 1-0: Ball 2-0: Swinging Strike 2-1: Ball 3-1: Called Strike 3-2: Strikes out swinging
|
|
Pinch Hitting: LHB Jose Moncada
|
0-0: Ball 1-0: Foul Ball, location: 2F 1-1: Swinging Strike 1-2: Foul Ball, location: 2F 1-2: Ball 2-2: Foul Ball, location: 2F 2-2: Foul Ball, location: 2F 2-2: Ball 3-2: Foul Ball, location: 2F 3-2: Foul Ball, location: 2F 3-2: Strikes out swinging
|
| Bottom of the 4th over - 0 runs, 0 hits, 1 error, 2 left on base; University of Southern California 1 - University of Minnesota 2 |
| TOP OF THE 5TH |
|
University of Southern California Trojans batting - Pitching for University of Minnesota Golden Gophers : RHP Danny Colon
|
|
Pitching: RHP Jin Guan
|
|
|
Now at 1B: Jose Garrido
|
|
|
Now at 2B: Farakiko Haunani
|
|
|
Now in CF: Dave Uttley
|
|
|
Batting: SHB Dave Montoya
|
0-0: Ball 1-0: Foul Ball, location: 2F 1-1: Swinging Strike 1-2: Foul Ball, location: 2F 1-2: Strikes out looking
|
|
Pinch Hitting: LHB Roger Kean
|
0-0: Called Strike 0-1: Ground out 6-3 (Groundball, 6, EV 85.0 MPH)
|
|
Batting: LHB Alonzo Catalan
|
0-0: Called Strike 0-1: Ground out 6-3 (Groundball, 6, EV 82.5 MPH)
|
| Top of the 5th over - 0 runs, 0 hits, 0 errors, 0 left on base; University of Southern California 1 - University of Minnesota 2 |
| BOTTOM OF THE 5TH |
|
University of Minnesota Golden Gophers batting - Pitching for University of Southern California Trojans : RHP Luis Cortez
|
|
Now at C: Ashley Shepherd
|
|
|
Now at 1B: Santiago Romero
|
|
|
Now at 2B: Joey Fields
|
|
|
Now at 3B: Tri Kartini
|
|
|
Now in CF: Brad Betterton
|
|
|
Pinch Hitting: RHB Roy Evenden
|
0-0: Called Strike 0-1: Foul Ball, location: 2F 0-2: Ball 1-2: Ball 2-2: Strikes out swinging
|
|
Batting: RHB Jason Mooris
|
0-0: Called Strike 0-1: Ball 1-1: Called Strike 1-2: Ball 2-2: Strikes out looking
|
|
Batting: LHB Phil Bonner
|
0-0: Ball 1-0: Called Strike 1-1: Ball 2-1: Swinging Strike 2-2: Strikes out swinging
|
| Bottom of the 5th over - 0 runs, 0 hits, 0 errors, 0 left on base; University of Southern California 1 - University of Minnesota 2 |
| TOP OF THE 6TH |
|
University of Southern California Trojans batting - Pitching for University of Minnesota Golden Gophers : RHP Jin Guan
|
|
Now at 3B: Ron Gooch
|
|
|
Now in LF: Constant Consalvi
|
|
|
Now in RF: Roy Evenden
|
|
|
Pinch Hitting: LHB Rupert Broers
|
0-0: Called Strike 0-1: Ball 1-1: Foul Ball, location: 2F 1-2: Strikes out swinging
|
|
Batting: LHB Brad Betterton
|
0-0: Called Strike 0-1: Swinging Strike 0-2: Ball 1-2: Ball 2-2: Strikes out swinging
|
|
Pinch Hitting: SHB Mhelter Daulong
|
0-0: Ball 1-0: Ball 2-0: Ball 3-0: Called Strike 3-1: Base on Balls
|
|
Pinch Hitting: LHB Dave Helman
|
0-0: Ball 1-0: Ball 2-0: Called Strike 2-1: SINGLE (Line Drive, 9S, EV 101.2 MPH) Mhelter Daulong to second
|
|
Pinch Hitting: RHB John Sandberg
|
0-0: Called Strike 0-1: Swinging Strike 0-2: Strikes out looking
|
| Top of the 6th over - 0 runs, 1 hit, 0 errors, 2 left on base; University of Southern California 1 - University of Minnesota 2 |
| BOTTOM OF THE 6TH |
|
University of Minnesota Golden Gophers batting - Pitching for University of Southern California Trojans : RHP Luis Cortez
|
|
Pitching: RHP Danny Coronado
|
|
|
Now at 2B: John Sandberg
|
|
|
Now at 3B: Liangde Zhou
|
|
|
Now in LF: Dave Helman
|
|
|
Now in RF: Mhelter Daulong
|
|
|
Batting: RHB Ron Gooch
|
0-0: Fly out, F9 (Flyball, 9S, EV 91.2 MPH)
|
|
Batting: RHB Josh Gifford
|
0-0: Fly out, F2 (Popup, 2LF, EV 87.5 MPH)
|
|
Pinch Hitting: RHB Jonathan Wallace
|
0-0: Called Strike 0-1: Called Strike 0-2: Ball 1-2: Ball 2-2: SINGLE (Groundball, P, EV 88.8 MPH) (infield hit)
|
|
Batting: RHB Jose Garrido
|
0-0: Called Strike Jonathan Wallace steals 2nd base 0-1: Ball 1-1: Fly out, F9 (Flyball, 9S, EV 86.2 MPH)
|
| Bottom of the 6th over - 0 runs, 1 hit, 0 errors, 1 left on base; University of Southern California 1 - University of Minnesota 2 |
| TOP OF THE 7TH |
|
University of Southern California Trojans batting - Pitching for University of Minnesota Golden Gophers : RHP Jin Guan
|
|
Pitching: RHP Adam Wickwire
|
|
|
Now at 3B: Jonathan Wallace
|
|
|
Now at SS: Ron Gooch
|
|
|
Pinch Hitting: RHB Jeremy McAbee
|
0-0: Called Strike 0-1: Ground out 1-3 (Groundball, 15S, EV 69.4 MPH)
|
|
Batting: SHB Dave Montoya
|
0-0: Foul Ball, location: 2F 0-1: Ball 1-1: SINGLE (Groundball, 3D, EV 108.8 MPH)
|
|
Batting: RHB Santiago Romero
|
0-0: Called Strike 0-1: Called Strike 0-2: Strikes out swinging
|
|
Batting: RHB Ashley Shepherd
|
0-0: Called Strike 0-1: Called Strike 0-2: Strikes out looking
|
| Top of the 7th over - 0 runs, 1 hit, 0 errors, 1 left on base; University of Southern California 1 - University of Minnesota 2 |
| BOTTOM OF THE 7TH |
|
University of Minnesota Golden Gophers batting - Pitching for University of Southern California Trojans : RHP Danny Coronado
|
|
Now at SS: Jeremy McAbee
|
|
|
Pinch Hitting: RHB Mike Satterfield
|
0-0: Called Strike 0-1: SINGLE (Groundball, 56D, EV 104.4 MPH)
|
|
Batting: RHB Farakiko Haunani
|
0-0: Bunt missed! 0-1: Bunt missed! 0-2: Ball 1-2: Ball 2-2: Ball 3-2: Fielders Choice at 2nd, 6-4 (Groundball, 6, EV 83.1 MPH)
|
|
Pinch Hitting: RHB Scott Rose
|
0-0: Ball Wild Pitch! Farakiko Haunani to second 1-0: Swinging Strike 1-1: Ground out 6-3 (Groundball, 56, EV 90.0 MPH)
|
|
Batting: LHB Gabe Cothron
|
0-0: Ball 1-0: Ball 2-0: Swinging Strike 2-1: Foul Ball, location: 2F 2-2: Strikes out swinging
|
| Bottom of the 7th over - 0 runs, 1 hit, 0 errors, 1 left on base; University of Southern California 1 - University of Minnesota 2 |
| TOP OF THE 8TH |
|
University of Southern California Trojans batting - Pitching for University of Minnesota Golden Gophers : RHP Adam Wickwire
|
|
Pitching: RHP Neel de Graaf
|
|
|
Now in CF: Tommy Molinaro
|
|
|
Now in RF: Chang-wei Go
|
|
|
Batting: RHB Liangde Zhou
|
0-0: Called Strike 0-1: Called Strike 0-2: Foul Ball, location: 2F 0-2: Strikes out swinging, 2-3 out at first.
|
|
Batting: LHB Brad Betterton
|
0-0: Called Strike 0-1: Swinging Strike 0-2: Ball 1-2: Ball 2-2: Foul Ball, location: 2F 2-2: Strikes out swinging
|
|
Batting: SHB Mhelter Daulong
|
0-0: Ground out 6-3 (Groundball, 6M, EV 80.6 MPH)
|
| Top of the 8th over - 0 runs, 0 hits, 0 errors, 0 left on base; University of Southern California 1 - University of Minnesota 2 |
| BOTTOM OF THE 8TH |
|
University of Minnesota Golden Gophers batting - Pitching for University of Southern California Trojans : RHP Danny Coronado
|
|
Pitching: LHP Eric Rosenstein
|
|
|
Batting: LHB Constant Consalvi
|
0-0: Ball 1-0: Ball 2-0: Fly out, F8 (Flyball, 8LM, EV 87.5 MPH)
|
|
Batting: RHB Ron Gooch
|
0-0: Called Strike 0-1: Ball 1-1: Ball 2-1: Called Strike 2-2: Ball 3-2: Strikes out looking
|
|
Batting: RHB Josh Gifford
|
0-0: Called Strike 0-1: Ball 1-1: Foul Ball, location: 2F 1-2: Foul Ball, location: 2F 1-2: Foul Ball, location: 2F 1-2: Ball 2-2: Strikes out swinging
|
| Bottom of the 8th over - 0 runs, 0 hits, 0 errors, 0 left on base; University of Southern California 1 - University of Minnesota 2 |
| TOP OF THE 9TH |
|
University of Southern California Trojans batting - Pitching for University of Minnesota Golden Gophers : RHP Neel de Graaf
|
|
Pitching: LHP Matt Wooldridge
|
|
|
Pinch Hitting: RHB Eduardo Mejorado
|
0-0: Swinging Strike 0-1: Called Strike 0-2: Strikes out looking
|
|
Batting: RHB John Sandberg
|
0-0: Ball 1-0: Called Strike 1-1: Ball 2-1: Ground out 6-3 (Groundball, 6, EV 110.6 MPH)
|
|
Batting: RHB Jeremy McAbee
|
0-0: Foul Ball, location: 2F 0-1: SINGLE (Groundball, 4MS, EV 76.2 MPH) (infield hit)
|
|
Batting: RHB Bobby Basoco
|
0-0: Swinging Strike 0-1: Ball 1-1: Ball 2-1: Ball 3-1: Foul Ball, location: 2F 3-2: Strikes out swinging
|
| Top of the 9th over - 0 runs, 1 hit, 0 errors, 1 left on base; University of Southern California 1 - University of Minnesota 2 |
|